AoeStats
← TW_Jerry YT @TW-aoe2noobs

Black Forest

508219263Analyzed
4v4 RM · 11d ago on Sep 21, 2026· 42m 51s· 8 players
Game mode
Random Map
Map size
Large (8 player)
Population
200
Speed
Normal
Resources
Standard
Victory
Conquest
Starting age
Dark Age
Ending age
Imperial Age
RankedLock teamsTeams togetherTeam positionsShared explorationLock speedFull tech treeHidden civsTurbo modeCheats
Victory
Defeat
🇨🇳 Cumans · China
1704
+11
🇩🇪 Spanish · Germany
1673
+12
🇮🇳 Bohemians · India
1660
+13
🇹🇼 Franks · Taiwan
1640
+14
🇹🇼 Turks · Taiwan
1665
-15
1607
-13
🇹🇼 Spanish · Taiwan
1594
-13
🇹🇼 Khmer · Taiwan
1499
-9
游樂比(ULB)
11:30 Feudal Age
15:05 Castle Age
14:17 Double-Bit Axe
16:09 Bow Saw
22:05 Wheelbarrow
23:55 Gold Mining
27:47 Imperial Age
26:03 Scale Barding Armor
27:19 Gold Shaft Mining
27:13 Chain Barding Armor
26:54 Husbandry
28:04 Forging
29:04 Plate Barding Armor
27:55 Cavalier
28:20 Pikeman
28:59 Halberdier
29:42 Scale Mail Armor
30:47 Iron Casting
31:01 Chain Mail Armor
33:12 Blast Furnace
33:01 Conscription
33:50 Plate Mail Armor
34:37 Squires
34:09 Paladin
35:29 Caravan
38:28 Light Cavalry
kerwin
6:40 Loom
11:34 Feudal Age
15:40 Castle Age
14:09 Double-Bit Axe
15:48 Wheelbarrow
16:47 Bow Saw
19:22 Fishing Lines
23:29 Horse Collar
25:52 Gillnets
26:55 Heavy Plow
30:28 Imperial Age
28:38 Hand Cart
28:49 Scale Mail Armor
28:33 Pikeman
29:14 Squires
28:59 Arson
29:27 Forging
29:41 Ballistics
30:39 Chemistry
30:18 Chain Mail Armor
29:55 Town Watch
31:31 Siege Engineers
30:51 Halberdier
32:10 Conscription
32:46 Coinage
32:19 Caravan
33:39 Plate Mail Armor
33:45 Iron Casting
33:22 Wagenburg Tactics
34:12 Houfnice
35:21 Fortified Wall
35:32 Ballistics
36:52 Blast Furnace
36:25 Masonry
35:56 Treadmill Crane
37:07 Town Patrol
42:57 Banking
Mojo Jojo
0:53 Loom
12:04 Feudal Age
12:56 Double-Bit Axe
17:13 Castle Age
19:55 Padded Archer Armor
20:09 Bow Saw
24:13 Horse Collar
24:26 Gold Mining
32:12 Imperial Age
34:53 Chemistry
36:15 Two-Man Saw
36:35 Leather Archer Armor
36:59 Wheelbarrow
36:30 Heavy Plow
38:32 Hand Cart
41:39 Hoardings
41:36 Ring Archer Armor
42:40 Bloodlines
42:22 Elite Conquistador
tim.13
1:02 Loom
10:54 Feudal Age
12:19 Wheelbarrow
11:32 Double-Bit Axe
13:28 Horse Collar
15:39 Horse Collar
22:59 Castle Age
23:04 Castle Age
21:37 Forging
21:33 Scale Barding Armor
21:23 Gold Mining
22:04 Bloodlines
24:14 Chain Barding Armor
24:51 Gold Shaft Mining
24:48 Capped Ram
35:45 Imperial Age
33:41 Fishing Lines
34:41 Stone Mining
35:17 Heavy Plow
35:31 Bow Saw
35:47 Herbal Medicine
36:22 Onager
37:08 Gillnets
36:39 Elite Steppe Lancer
38:00 Plate Barding Armor
38:00 Iron Casting
38:24 Conscription
38:08 Steppe Husbandry
38:00 Town Watch
38:24 Caravan
39:42 Cavalier
41:11 Hand Cart
40:22 Light Cavalry
42:28 Hussar
TW_andy.fet
0:26 Loom
12:05 Feudal Age
12:10 Feudal Age
15:34 Castle Age
13:42 Double-Bit Axe
14:33 Horse Collar
15:39 Wheelbarrow
18:49 Bow Saw
19:50 Gold Mining
21:43 Heavy Plow
23:44 Hand Cart
28:49 Imperial Age
27:26 Gold Shaft Mining
26:42 Stone Mining
31:47 Scale Barding Armor
31:52 Forging
32:35 Ballistics
32:11 Murder Holes
33:17 Chemistry
32:28 Fortified Wall
32:18 Elite Ballista Elephant
33:19 Conscription
33:56 Chain Barding Armor
34:11 Iron Casting
33:56 Bloodlines
33:46 Husbandry
34:18 Double Crossbow
34:58 Light Cavalry
36:26 Stone Shaft Mining
35:53 Town Watch
37:34 Hussar
40:03 Plate Barding Armor
40:28 Blast Furnace
TWNBS_Jian Hei
11:36 Feudal Age
12:41 Double-Bit Axe
15:25 Castle Age
16:26 Bow Saw
16:57 Horse Collar
18:00 Heavy Plow
19:21 Loom
20:17 Wheelbarrow
21:51 Gold Mining
22:21 Stone Mining
24:07 Gold Shaft Mining
27:52 Imperial Age
25:37 Scale Barding Armor
26:25 Forging
26:21 Husbandry
26:32 Bloodlines
27:06 Chain Barding Armor
29:04 Iron Casting
28:09 Heavy Camel Rider
31:05 Blast Furnace
31:17 Hand Cart
33:00 Plate Barding Armor
32:29 Fletching
32:41 Padded Archer Armor
33:33 Conscription
33:06 Elite Janissary
34:23 Bodkin Arrow
34:31 Murder Holes
34:57 Ballistics
34:48 Masonry
34:20 Treadmill Crane
35:38 Leather Archer Armor
36:04 Artillery
36:17 Bracer
36:53 Architecture
38:08 Guilds
38:59 Two-Man Saw
39:33 Ring Archer Armor
39:39 Sappers
41:01 Hoardings
42:59 Ballistics
TW_Jerry YT @TW-aoe2noobs
0:50 Loom
12:02 Feudal Age
15:54 Castle Age
14:47 Double-Bit Axe
24:53 Horse Collar
27:04 Ballistics
30:25 Wheelbarrow
30:20 Gold Mining
36:39 Imperial Age
35:37 Gold Shaft Mining
34:53 Stone Mining
34:55 Fletching
35:05 Padded Archer Armor
36:28 Bodkin Arrow
37:28 Bracer
38:30 Chemistry
38:10 Leather Archer Armor
38:38 Thumb Ring
38:19 Elite Mangudai
40:31 Husbandry
41:38 Parthian Tactics
42:00 Bloodlines
TW_KA
1:31 Loom
15:28 Feudal Age
20:29 Castle Age
20:00 Double-Bit Axe
22:57 Horse Collar
24:30 Fishing Lines
39:55 Wheelbarrow
Connection lost

Rejoining the realm…

Still unreachable

The connection could not be restored.

Session expired

The server has moved on; the page needs a fresh start.